 Dungeon Crawl Stone Soup version 0.30.0 (webtiles) character file.

Game seed: 8662801452857061087

82 Dani the Chopper (level 4, 35/35 HPs)
             Began as a Demonspawn Fighter on May 21, 2023.
             Was a Follower of Makhleb.
             Quit the game on level 3 of the Dungeon.
             The game lasted 00:04:52 (2255 turns).

Dani the Chopper (Demonspawn Fighter)               Turns: 2255, Time: 00:04:53

Health: 35/35      AC:  7    Str: 14 (16) XL:     4   Next: 21%
Magic:  4/4        EV:  9    Int:  9 (11) God:    Makhleb [*.....]
Gold:   176        SH:  4    Dex: 12 (13) Spells: 3/3 levels left

rFire   . . .        a - +1 war axe (flame)
rCold   . . .        c - +0 buckler
rNeg    . . .        b - +0 scale mail
rPois   .            (no helmet)
rElec   .            (no cloak)
rCorr   .            (no gloves)
SInv    .            h - +0 pair of boots
Will    ++...        (no amulet) Stlth
                     e - ring of willpower
HPRegen 0.25/turn    j - ring of willpower
MPRegen 0.09/turn

%: no passive effects
@: no status effects
A: demonic guardian 1, sturdy frame 1, no potion heal 1
a: Renounce Religion


You were on level 3 of the Dungeon.
You worshipped Makhleb.
Makhleb was aware of your devotion.
You visited 1 branch of the dungeon, and saw 3 of its levels.

You collected 176 gold pieces.

Inventory:

Hand Weapons
 a - a +1 war axe of flaming (weapon)
Missiles
 k - 5 poisoned darts (quivered)
Armour
 b - a +0 scale mail (worn)
 c - a +0 buckler (worn)
 h - a +0 pair of boots (worn)
   (You found it on level 3 of the Dungeon)
Jewellery
 e - a ring of willpower (left hand)
   (You found it on level 1 of the Dungeon)
 j - a ring of willpower (right hand)
   (You found it on level 3 of the Dungeon)
Scrolls
 f - a scroll of silence
 T - a scroll of teleportation
Potions
 d - a potion of might
 g - a potion of mutation {!q}
 i - a potion of brilliance
 H - a potion of haste


   Skills:
 - Level 3.0 Fighting
 + Level 4.1 Axes
 - Level 2.6 Armour
 - Level 2.6 Shields


You had 3 spell levels left.
You didn't know any spells.
Your spell library contained the following spells:

 Spells                   Type           Power      Damage    Failure   Level
 Summon Small Mammal      Summ           0%         N/A       80%         1
 Call Canine Familiar     Summ           0%         N/A       99%         3
 Summon Guardian Golem    Hex/Summ       0%         N/A       99%         3


Dungeon Overview and Level Annotations

Branches:
Dungeon (3/15)

Altars:
Makhleb
Uskayaw


Innate Abilities, Weirdness & Mutations

A weak demonic guardian rushes to your aid.
Your movements are slightly less encumbered by armour. (ER -2)
Potions are less effective at restoring your health.


Message History

You block the bat's attack.
A bat is nearby!
You slash the bat! You burn the bat.
You kill the bat!
Key pressed, stopping explore.
Key pressed, stopping explore.
No target in view!
No target in view!
Key pressed, stopping explore.
Key pressed, stopping explore.
No target in view!
Key pressed, stopping explore.
No target in view!
Key pressed, stopping explore.
No target in view!
A ball python comes into view.
The ball python hisses angrily.
There is an open door here.
A ball python is nearby!
Found a stone staircase leading down.
You block the ball python's attack. The ball python grabs you.
The ball python constricts you. The ball python barely misses you.
The ball python constricts you.
You closely miss the ball python.
The ball python bites you but does no damage.
The ball python constricts you.
A ball python is nearby!
You barely miss the ball python. You block the ball python's attack.
The ball python constricts you. The ball python bites you.
The ball python constricts you.
You closely miss the ball python.
The ball python bites you but does no damage.
The ball python constricts you.
A ball python is nearby!
Unknown command.
You hit the ball python. You burn the ball python.
The ball python is severely wounded.
You block the ball python's attack. The ball python constricts you.
The ball python bites you but does no damage.
The ball python constricts you.
A ball python is nearby!
You hit the ball python. You burn the ball python.
You kill the ball python!
Key pressed, stopping explore.
No target in view!
Key pressed, stopping explore.
No target in view!
You open the door.
There is an open door here.
Key pressed, stopping explore.
No target in view!
Key pressed, stopping explore.
Key pressed, stopping explore.
No target in view!
Key pressed, stopping explore.
No target in view!
Key pressed, stopping explore.
No target in view!
Found a stone staircase leading down.
No target in view!
Key pressed, stopping explore.
No target in view!
There is a stone staircase leading down here.
Key pressed, stopping explore.
No target in view!
You now have 165 gold pieces (gained 6).
j - a ring of willpower No target in view!
Key pressed, stopping explore.
No target in view!
Found 5 poisoned darts.
No target in view!
You now have 176 gold pieces (gained 11).
A quokka comes into view.
Found an escape hatch in the floor.
j - a ring of willpower (right hand)
A quokka is nearby!
Found an escape hatch in the ceiling.
A quokka is nearby!
Found a faded altar of an unknown god.
Found a stone staircase leading up.
A quokka is nearby!
You slash the quokka! You burn the quokka.
You kill the quokka!
Key pressed, stopping explore.
No target in view!
You open the door.
There is an open door here.
Key pressed, stopping explore.
No target in view!
Found a ring mail.
Unknown command.
There is an open door here.
You see here 5 poisoned darts.
k - 5 poisoned darts
There is a faded altar of an unknown god here.
This altar belongs to (a) Makhleb, (b) Jiyva or (c) Ashenzari, but you can't tell which.
Press the corresponding letter to learn more about a god, or press enter to convert or escape to cancel.
Makhleb accepts your prayer! Makhleb welcomes you!
You can now gain health from killing.
Are you sure you want to abandon this character and quit the game? (Confirm with "yes".)

#.# #........# #.#
#.###########...###.# #
#.....# ##.....##.. .#
####..# ##.......### .##
###...####.........####...###
.........+.........'........#
###...####......>..####....#.
##..# ##<......## ..## ...#
##<...@## #[# #### ##...## .#
##+## #


There were no monsters in sight!

Vanquished Creatures
  An adder (D:2)
  A dart slug (D:1)
  4 orcs (D:3)
  6 ball pythons
  9 bats
  5 endoplasms
  5 giant cockroaches
  5 goblins
  7 hobgoblins
  4 kobolds (D:1)
  5 quokkas
  3 frilled lizards
  4 rats
59 creatures vanquished.

Vanquished Creatures (others)
  9 plants (D:1)
9 creatures vanquished.

Grand Total: 68 creatures vanquished

Notes
Turn   | Place    | Note
-------+----------+-------------------------------------------
     0 | D:1      | Dani the Demonspawn Fighter began the quest for the Orb.
     0 | D:1      | Reached XP level 1. HP: 18/18 MP: 1/1
    49 | D:1      | Reached skill level 2 in Axes
   182 | D:1      | Gained mutation: Your movements are slightly less
                  | encumbered by armour. (ER -2) [demonic ancestry]
   182 | D:1      | Reached XP level 2. HP: 24/24 MP: 2/2
   232 | D:1      | Gained mutation: Potions are less effective at restoring
                  | your health. [potion of mutation]
   328 | D:1      | Reached skill level 3 in Axes
   467 | D:1      | Gained mutation: A weak demonic guardian rushes to your
                  | aid. [demonic ancestry]
   467 | D:1      | Reached XP level 3. HP: 29/29 MP: 3/3
  1796 | D:3      | Reached XP level 4. HP: 34/35 MP: 4/4
  1798 | D:3      | Reached skill level 4 in Axes
  1808 | D:3      | Found a hide-covered altar of Uskayaw.
  2222 | D:3      | Found a faded altar of an unknown god.
  2254 | D:3      | Prayed at the altar of an unknown god.
  2254 | D:3      | Became a worshipper of Makhleb the Destroyer
  2254 | D:3      | Reached * piety under Makhleb
  2255 | D:3      | Quit the game

Illustrated notes

Levels and vault maps discovered:
D:1:      dpeg_arrival_round_b, layout_loops_ring, serial_bayou,
          serial_bayou_crossing, serial_bayou_shore_b, serial_bayou_pond_c,
          serial_bayou_shore_b, serial_bayou_lake_a, minmay_surrounded
D:2:      layout_loops_ring
D:3:      layout_loops_corners, old_standard_altar, basic_ecumenical_altar

Skill      XL: |  1  2  3  4 |
---------------+-------------+-----
Axes           | 2 3 4 |  4.1
Fighting       | |  3.0
Armour         | |  2.6
Shields        | |  2.6

Action                     |  1- 3 |  4- 6 || total
---------------------------+-------+-------++-------
  Melee: War axe           |   127 |    25 ||   152
    Use: Potion            |     8 |       ||     8
         Scroll            |     4 |     1 ||     5
 Armour: Scale mail        |    90 |    10 ||   100
  Dodge: Dodged            |    77 |     9 ||    86
  Block: Buckler           |    29 |     8 ||    37

Levels and vault maps discovered:
D:1:      dpeg_arrival_round_b, layout_loops_ring, serial_bayou,
          serial_bayou_crossing, serial_bayou_shore_b, serial_bayou_pond_c,
          serial_bayou_shore_b, serial_bayou_lake_a, minmay_surrounded
D:2:      layout_loops_ring
D:3:      layout_loops_corners, old_standard_altar, basic_ecumenical_altar

Table legend: (Time is in decaauts)
 A = Elapsed time spent in this place.
 B = Non-inter-level travel time spent in this place.
 C = Inter-level travel time spent in this place.
 D = Time resting spent in this place.
 E = Time spent auto-exploring this place.
 F = Levels seen in this place.
 G = Mean time per level.
                   A        B        C        D        E       F      G
               +--------+--------+--------+--------+--------+-----+--------+
         Total |   2339 |   2227 |    112 |      0 |   1752 |   3 |  779.7 |
       Dungeon |   2339 |   2227 |    112 |      0 |   1752 |   3 |  779.7 |
               +--------+--------+--------+--------+--------+-----+--------+

Top non-repeatable levels by time:
     D:1: 1038 daAuts
     D:2: 770 daAuts
     D:3: 530 daAuts

Table legend:
 A = Kills in this place as a percentage of kills in the entire game.
 B = Kills by you in this place as a percentage of kills by you in the entire game.
 C = Kills by friends in this place as a percentage of kills by friends in the entire game.
 D = Other kills in this place as a percentage of other kills in the entire game.
 E = Experience gained in this place as a percentage of experience gained in the entire game.
 F = Experience gained in this place divided by the number of levels of this place that you have seen.
                   A       B       C       D       E      F
               +-------+-------+-------+-------+-------+----------------------
         Total | 100.0 | 100.0 |   N/A |   N/A | 100.0 |  39.3
       Dungeon | 100.0 | 100.0 |   N/A |   N/A | 100.0 |  39.3
               +-------+-------+-------+-------+-------+----------------------
